 Dungeon Crawl Stone Soup version 0.25-a0-258-g6d7e32a812 (webtiles) character file.

Game seed: 18348883545286465732, levelgen mode: classic

14095 Borgoz the Cruncher (level 12, -19/71 HPs)
             Began as a Gargoyle Gladiator on Dec 6, 2019.
             Was an Elder of Okawaru.
             Hit by a large rock thrown by a stone giant (31 damage)
             ... on level 11 of the Dungeon.
             The game lasted 00:26:09 (12468 turns).

Borgoz the Cruncher (Gargoyle Gladiator)           Turns: 12468, Time: 00:26:10

Health: -19/71     AC: 23    Str: 25    XL:     12   Next: 12%
Magic:  17/17      EV: 13    Int: 14    God:    Okawaru [****..]
Gold:   682        SH:  0    Dex: 14    Spells: 13/17 levels left

rFire    + + +     SeeInvis .   a - +3 lajatang "Wuarhic" {slice, rPois rF+++ rC- Int+4}
rCold    . . .     Gourm    .   (shield currently unavailable)
rNeg     + . .     Faith    .   n - +0 chain mail {rC+}
rPois    ∞         Spirit   .   j - +2 helmet
rElec    +         Reflect  .   (no cloak)
rCorr    .         Harm     +   (no gloves)
MR       .....                  (no boots)
Stlth    ..........             C - amulet of harm
HPRegen  0.21/turn              m - +6 ring of strength
MPRegen  0.15/turn              J - ring of protection from fire

@: no status effects
A: negative energy resistance 1, electricity resistance, unbreathing,
petrification resistance, rot immunity, AC +8
a: Heroism, Renounce Religion


You were on level 11 of the Dungeon.
You worshipped Okawaru.
Okawaru was greatly pleased with you.
You were very hungry.

You visited 2 branches of the dungeon, and saw 12 of its levels.
You also visited: Trove and Sewer.

You collected 807 gold pieces.
You spent 125 gold pieces at shops.

Inventory:

Hand Weapons
 a - the +3 lajatang "Wuarhic" (weapon) {slice, rPois rF+++ rC- Int+4}
   (You found it in a treasure trove)

   It inflicts extra damage upon your enemies.
   It affects your intelligence (+4).
   It renders you almost immune to fire.
   It makes you vulnerable to cold.
   It protects you from poison.
 b - the +8 quarterstaff of Exoneration {freeze, rElec rPois rN+++ Int-4}
   (You found it on level 8 of the Dungeon)

   It has been specially enchanted to freeze those struck by it, causing extra
   injury to most foes and up to half again as much damage against particularly
   susceptible opponents.
   It can also slow down cold-blooded creatures.
   It affects your intelligence (-4).
   It insulates you from electricity.
   It protects you from poison.
   It renders you almost immune to negative energy.
 H - a +2 lajatang of protection
 I - a +3 lajatang of electrocution
 K - a +2 lajatang of speed
Missiles
 d - 10 throwing nets (quivered)
Armour
 j - a +2 helmet (worn)
 n - a +0 chain mail of cold resistance (worn)
Jewellery
 m - a +6 ring of strength (left hand)
 B - an uncursed ring of ice
 C - an amulet of harm (around neck)
 J - a ring of protection from fire (right hand)
Wands
 c - a wand of iceblast (7)
 q - a wand of acid (22)
 y - a wand of paralysis (6)
Scrolls
 h - 6 scrolls of teleportation
 o - 5 scrolls of blinking
 p - 5 scrolls of enchant armour
 w - 6 scrolls of remove curse
 D - a scroll of fear
 E - a scroll of magic mapping
 F - 2 scrolls of vulnerability {unknown}
Potions
 e - 4 potions of cancellation
 g - 5 potions of haste {unknown}
 i - 7 potions of curing {unknown}
 k - 5 potions of flight {unknown}
 l - 3 potions of heal wounds
 r - 3 potions of resistance {unknown}
 s - a potion of brilliance
 t - a potion of might
 u - 2 potions of agility
 v - 2 potions of mutation
 x - a potion of ambrosia
 z - a potion of berserk rage
 A - a potion of magic
Comestibles
 f - 15 rations


   Skills:
 + Level 6.4 Fighting
 * Level 11.5 Staves
 - Level 1.7 Throwing
 * Level 9.7 Armour
 * Level 8.0 Dodging
 + Level 3.3 Spellcasting
 + Level 3.3 Hexes
 - Level 5.3 Invocations


You had 13 spell levels left.
You knew the following spells:

 Your Spells              Type           Power        Failure   Level  Hunger
a - Confusing Touch       Hex            ##....       26%         1    #......
b - Confuse               Hex            ##......     61%         3    ###....

Your spell library contained the following spells:

 Spells                   Type           Power        Failure   Level  Hunger
 Corona                   Hex            ##.....      26%         1    #......
 Ensorcelled Hibernation  Hex/Ice        #.....       61%         2    ##.....
 Tukima's Dance           Hex            ##......     61%         3    ###....
 Animate Skeleton         Necr           N/A          71%         1    #......
 Apportation              Tloc           #.....       71%         1    #......
 Pain                     Necr           #...         71%         1    #......
 Summon Small Mammal      Summ           #...         71%         1    #......
 Dazzling Flash           Conj/Hex       #.....       83%         3    ###....
 Regeneration             Chrm/Necr      #.........   97%         3    ###....
 Vampiric Draining        Necr           #.........   97%         3    ###....
 Animate Dead             Necr           N/A          100%        4    #####..


Dungeon Overview and Level Annotations

Branches:
Dungeon (11/15)            Temple (1/1) D:4            Lair (0/6) D:10
    Orc (0/2) D:11          Sewer (visited)

Altars:
Ashenzari
Cheibriados
Dithmenos
Elyvilon
Fedhas
Gozag
Hepliaklqana
Kikubaaqudgha
Makhleb
Nemelex Xobeh
Okawaru
Qazlal
Ru
Sif Muna
Trog
Uskayaw
Vehumet
Wu Jian
Xom
Yredelemnul
Zin
The Shining One

Shops:
D:6 *   D:7 :


Innate Abilities, Weirdness & Mutations

You are resistant to torment.
Your stone body is resilient. (AC +8)
You are immune to poison.
You resist negative energy. (rN+)
You are resistant to electric shocks. (rElec)
You can survive without breathing.
You are immune to petrification.
You are immune to rotting.


Message History

You are feeling very hungry.
You slash the jelly!
You kill the jelly!
Okawaru accepts your kill.
No target in view!
No target in view!
You open the door.
q - a wand of acid (22) (gained 8 charges)
The stone giant throws a large rock.
The large rock hits you!
You see here a large rock.
The stone giant throws a large rock.
The large rock hits you!!
Ouch! That really hurt!
* * * LOW HITPOINT WARNING * * *
You see here a large rock.
The stone giant throws a large rock.
The large rock closely misses you.
The stone giant throws a large rock.
The large rock hits you but does no damage.
You see here a large rock.
The stone giant throws a large rock.
The large rock hits you!!
You die...

#...######.###.....)
#...'........#......
##..##.......#......
#...##..##...#......
#...##..##...#......
##(......'...'......
#.(......#...#......
#..(##..###..#......
#..@##..####'#......
#..(.#§..#...'......
#....≈≈§§#...#......
#...≈≈≈≈§≈...#......
##.≈≈§C§§≈≈..#....##
#≈≈≈.z..≈§≈.#....'.
≈≈≈.8..8.≈≈≈#....#.
#≈≈8##''##8≈≈#....##
≈≈≈##....##≈≈≈......


You could see a stone giant and a wight.

Vanquished Creatures
  Snorg (D:11)
  Josephine (D:10)
  Fannar (D:11)
  Erica (D:10)
  Pikel (D:8)
  2 manticores (D:11)
  A centaur skeleton (D:11)
  Maurice (D:11)
  Psyche (D:8)
  3 trolls
  A hornet (D:9)
  A hippogriff (D:8)
  Eustachio (D:6)
  A wyvern (D:8)
  6 yaks
  4 wraiths (D:10)
  4 hungry ghosts
  2 porcupines (D:10)
  3 sky beasts
  9 black bears
  An orc warrior (D:11)
  An ice beast (D:7)
  An eye of draining (D:11)
  4 slaves (D:8)
  A necrophage (D:10)
  3 phantoms
  5 ogres
  5 centaurs
  A crocodile (D:10)
  6 big kobolds
  4 bullfrogs
  A gnoll sergeant (D:5)
  A water moccasin skeleton (D:8)
  6 killer bees (D:9)
  3 howler monkeys
  3 electric eels (D:6)
  A bullfrog zombie (D:10)
  3 crimson imps
  A quasit (D:9)
  2 hounds
  3 orc priests
  4 gnoll shamans (D:5)
  4 jellies
  3 bullfrog skeletons
  3 iguanas
  4 orc wizards
  4 worker ants
  10 adders
  51 gnolls
  9 river rats (Sewer)
  A shadow imp (D:9)
  3 oozes
  An adder zombie (D:6)
  An adder skeleton (D:9)
  8 worms
  4 dart slugs (D:1)
  7 leopard geckos
  15 orcs
  5 ball pythons
  10 giant cockroaches
  25 goblins
  34 hobgoblins
  17 jackals
  11 quokkas
  3 bats
  6 frilled lizards
  25 kobolds
  A quokka skeleton (D:5)
  20 rats
  2 fungi (D:10)
392 creatures vanquished.

Vanquished Creatures (others)
  A fungus (D:10)
1 creature vanquished.

Grand Total: 393 creatures vanquished

Notes
Turn   | Place    | Note
-------+----------+-------------------------------------------
     0 | D:1      | Borgoz the Gargoyle Gladiator began the quest for the Orb.
     0 | D:1      | Reached XP level 1. HP: 12/12 MP: 1/1
    38 | D:1      | Reached XP level 2. HP: 16/18 MP: 2/2
   410 | D:1      | Reached skill level 1 in Armour
   410 | D:1      | Reached XP level 3. HP: 20/22 MP: 3/3
  1466 | D:2      | Reached XP level 4. HP: 24/27 MP: 4/4
  1533 | D:2      | Found a shimmering blue altar of Sif Muna.
  1537 | D:2      | Found an ancient bone altar of Kikubaaqudgha.
  1537 | D:2      | Found a hide-covered altar of Uskayaw.
  1548 | D:2      | Found a glowing silver altar of Zin.
  1555 | D:2      | Found a shadowy altar of Dithmenos.
  1671 | D:3      | Reached skill level 4 in Staves
  1759 | D:3      | Reached XP level 5. HP: 32/32 MP: 5/5
  2597 | D:4      | Found a glowing drain.
  2636 | Sewer    | Entered a sewer
  2679 | Sewer    | Reached XP level 6. HP: 36/37 MP: 6/6
  2844 | Sewer    | Reached skill level 5 in Staves
  2968 | Sewer    | Reached XP level 7. HP: 33/43 MP: 7/7
  3202 | D:4      | Found a staircase to the Ecumenical Temple.
  3229 | Temple   | Entered the Ecumenical Temple
  3374 | Temple   | Became a worshipper of Warmaster Okawaru
  3797 | D:5      | Entered Level 5 of the Dungeon
  3926 | D:5      | Reached skill level 6 in Staves
  3977 | D:5      | Reached XP level 8. HP: 39/48 MP: 8/8
  4204 | D:5      | Reached skill level 5 in Fighting
  4282 | D:5      | Found an ornate altar of the Wu Jian Council.
  4288 | D:5      | Found a sparkling altar of Nemelex Xobeh.
  4301 | D:5      | Found a basalt altar of Yredelemnul.
  4336 | D:5      | Reached * piety under Okawaru
  4620 | D:5      | Reached skill level 7 in Staves
  5391 | D:5      | Reached skill level 5 in Armour
  5679 | D:5      | Noticed a seven-headed hydra
  5739 | D:5      | Reached skill level 1 in Invocations
  5749 | D:5      | Reached XP level 9. HP: 25/54 MP: 9/9
  6302 | D:6      | Noticed Eustachio
  6314 | D:6      | Found an opulent altar of Gozag.
  6335 | D:6      | Killed Eustachio
  6335 | D:6      | Reached skill level 5 in Dodging
  6528 | D:6      | Found Aluuna's Assorted Antiques.
  6547 | D:6      | Bought a knobbly garnet ring for 125 gold pieces
  6616 | D:6      | Found a blossoming altar of Fedhas.
  6698 | D:6      | Reached ** piety under Okawaru
  6698 | D:6      | Reached skill level 8 in Staves
  7698 | D:7      | Reached skill level 9 in Staves
  7743 | D:7      | Found Riess's Book Shop.
  7885 | D:7      | Reached *** piety under Okawaru
  8031 | D:7      | Reached XP level 10. HP: 48/59 MP: 11/13
  8332 | D:8      | Noticed Pikel
  8363 | D:8      | Killed Pikel
  8442 | D:8      | Reached skill level 5 in Invocations
  8504 | D:8      | Reached **** piety under Okawaru
  8504 | D:8      | Reached skill level 10 in Staves
  8545 | D:8      | Noticed Psyche
  8558 | D:8      | Killed Psyche
  8558 | D:8      | Received a gift from Okawaru
  8639 | D:8      | Got a shimmering quarterstaff
  8640 | D:8      | Identified the +8 quarterstaff of Exoneration {freeze,
                  | rElec rPois rN+++ Int-4} (You found it on level 8 of the
                  | Dungeon)
  8714 | D:8      | Learned a level 1 spell: Confusing Touch
  9428 | D:9      | Reached skill level 1 in Spellcasting
  9428 | D:9      | Reached skill level 1 in Hexes
  9906 | D:10     | Entered Level 10 of the Dungeon
  9908 | D:10     | Found a portal to a secret trove of treasure.
  9944 | D:10     | Reached XP level 11. HP: 62/64 MP: 14/14
  9953 | D:10     | Found a staircase to the Lair.
 10005 | Trove    | Entered a treasure trove
 10023 | Trove    | Got a jewelled lajatang
 10056 | Trove    | Got a bloodstained lajatang
 10097 | D:10     | Identified the +4 lajatang of the Twelve Gods {slice,
                  | Fragile Int+6} (You found it in a treasure trove)
 10110 | D:10     | Identified the +3 lajatang "Wuarhic" {slice, rPois rF+++
                  | rC- Int+4} (You found it in a treasure trove)
 10158 | D:10     | Noticed Josephine
 10169 | D:10     | Killed Josephine
 10523 | D:10     | Noticed Erica
 10530 | D:10     | Killed Erica
 10530 | D:10     | Reached skill level 11 in Staves
 10538 | D:10     | Learned a level 3 spell: Confuse
 11189 | D:11     | Noticed Fannar
 11209 | D:11     | Killed Fannar
 11482 | D:11     | Noticed a manticore
 11492 | D:11     | Killed a manticore
 11687 | D:11     | Noticed Snorg
 11697 | D:11     | Killed Snorg
 11760 | D:11     | Reached XP level 12. HP: 28/70 MP: 16/16
 12011 | D:11     | Noticed Maurice
 12022 | D:11     | Killed Maurice
 12293 | D:11     | Noticed a stone giant
 12329 | D:11     | Found a staircase to the Orcish Mines.
 12468 | D:11     | Hit by a large rock thrown by a stone giant

Levels and vault maps discovered:
D:1:      minmay_arrival_cross, layout_basic, minmay_ruptured
D:2:      layout_basic, minmay_overflow_temple_star_hex
D:3:      layout_basic
D:4:      layout_loops_ring, minmay_temple_entry_slanted, gup_sewer_entry_pipe
D:5:      lemuel_castle_with_subvaults [lemuel_castle_interior_original],
          layout_rooms, minitemple, first_ration, fountainhead
D:6:      minmay_goblin_kobold_castle, layout_gridville, basic_altar,
          serial_shops, shop, fedhas_ov_isle_minmay, uniq_eustachio
D:7:      layout_rooms, serial_shops, shop_statue, st_stairs_8
D:8:      layout_basic, grunt_ogre_cave, uniq_pikel, uniq_psyche
D:9:      layout_basic
D:10:     mumra_celtic_spiral_tile, layout_gridville,
          due_lair_maze_entry_diamond, nicolae_trove_entry_crossroad,
          uniq_josephine, uniq_erica
D:11:     layout_gridville, orc_0_dummy, kennysheep_island_fort, uniq_snorg,
          uniq_fannar, uniq_maurice
Temple:   minmay_temple_curvy_branch

Skill      XL: |  1  2  3  4  5  6  7  8  9 10 11 12 |
---------------+-------------------------------------+-----
Armour         | 1 2 3 4 5 6 8 9 |  9.7
Staves         | 4 5 6 7 9 10 11 | 11.5
Fighting       | 3 4 5 6 |  6.4
Dodging        | 3 4 5 6 7 8 |  8.0
Invocations    | 1 4 5 |  5.3
Spellcasting   | 1 3 |  3.3
Hexes          | 1 3 |  3.3
Throwing       | |  1.7

Action                   |  1- 3 |  4- 6 |  7- 9 | 10-12 || total
-------------------------+-------+-------+-------+-------++-------
Melee: Quarterstaff      |   113 |   254 |   583 |   256 ||  1206
       Lajatang          |       |       |       |   152 ||   152
Invok: Heroism           |       |       |       |     1 ||     1
Evoke: Wand              |       |       |       |     2 ||     2
  Use: Scroll            |       |    12 |     4 |     5 ||    21
       Potion            |       |       |     4 |     1 ||     5
 Stab: Invisible         |       |       |     5 |       ||     5
  Eat: Chunk             |     2 |     5 |    19 |    19 ||    45
       Ration            |       |       |       |     2 ||     2
Armor: Leather armour    |    39 |       |       |       ||    39
       Ring mail         |     1 |   123 |   203 |       ||   327
       Chain mail        |       |       |   267 |   228 ||   495
Dodge: Dodged            |    88 |   193 |   737 |   218 ||  1236

Table legend:
 A = Non-vault XP
 B = Vault XP
 C = Vault XP percentage of total XP
 D = Non-vault monster count
 E = Vault monster count
 F = Vault count percentage of total count
                 A         B        C        D         E       F
            +---------+---------+-------+---------+---------+-------
      Total |   10537 |    9599 |  47.7 |     187 |     199 |  51.6
            +---------+---------+-------+---------+---------+-------
        D:1 |      35 |       7 |  16.7 |      14 |       3 |  17.6
        D:2 |      82 |       0 |   0.0 |      20 |       0 |   0.0
        D:3 |     103 |       0 |   0.0 |      29 |       0 |   0.0
        D:4 |     185 |      48 |  20.6 |       7 |      10 |  58.8
        D:5 |     725 |     851 |  54.0 |      20 |      60 |  75.0
        D:6 |     518 |     653 |  55.8 |       9 |      55 |  85.9
        D:7 |    1138 |       2 |   0.2 |      18 |       1 |   5.3
        D:8 |    1767 |    1137 |  39.2 |      18 |       3 |  14.3
        D:9 |    1267 |       0 |   0.0 |      16 |       0 |   0.0
       D:10 |     693 |    3999 |  85.2 |      12 |      16 |  57.1
       D:11 |    4024 |    2514 |  38.5 |      24 |       3 |  11.1
      Sewer |       0 |     388 | 100.0 |       0 |      48 | 100.0
            +---------+---------+-------+---------+---------+-------
